 Dungeon Crawl Stone Soup version 0.20.1-1-g8b1a95d (webtiles) character file.

112 Fondut the Chopper (level 4, -3/41 HPs)
             Began as a Hill Orc Monk on Nov 10, 2017.
             Killed from afar by Ijyb (19 damage)
             ... with a wand of acid (?/15)
             ... on level 3 of the Dungeon.
             The game lasted 00:09:42 (2156 turns).

Fondut the Chopper (Hill Orc Monk)                  Turns: 2156, Time: 00:09:43

Health: -3/41      AC:  7    Str: 14    XL:     4   Next: 93%
Magic:  4/4        EV:  7    Int: 10    God:
Gold:   58         SH:  0    Dex: 13    Spells: 3/3 levels left

rFire    . . .     SeeInvis .   a - +0 hand axe
rCold    . . .     Gourm    .   (no shield)
rNeg     . . .     Faith    .   s - +0 chain mail
rPois    .         Spirit   .   t - +0 helmet
rElec    .         Reflect  .   (no cloak)
rCorr    .         Harm     .   o - +0 pair of gloves
MR       .....                  k - +0 pair of boots
Stlth    ..........             (no amulet)
Regen    0.2/turn               (no ring)
MPRegen  0.1/turn               (no ring)

@: corroded, drained
A: no striking features
a: no special abilities


You were on level 3 of the Dungeon.
You were not hungry.

You visited 1 branch of the dungeon, and saw 3 of its levels.

You collected 58 gold pieces.

Inventory:

Hand Weapons
 a - a +0 hand axe (weapon)
Armour
 b - a +0 robe
 g - a +0 scale mail
 k - a +0 pair of boots (worn)
 o - a +0 pair of gloves (worn)
 s - a +0 chain mail (worn)
 t - a +0 helmet (worn)
Jewellery
 x - an uncursed ring of wizardry {unknown}
Wands
 r - a wand of lightning (6/15)
Scrolls
 e - 4 scrolls of identify {unknown}
 f - a scroll of fear {unknown}
 h - a scroll of random uselessness {unknown}
 l - a scroll of remove curse {unknown}
 m - 2 scrolls of enchant armour {unknown}
 n - a scroll of teleportation {unknown}
 q - a scroll of recharging {unknown}
 w - a scroll of enchant weapon {unknown}
 y - a scroll of blinking {unknown}
Potions
 d - a potion of haste {unknown}
 i - a potion of degeneration {unknown}
 j - a potion of brilliance {unknown}
 p - 3 potions of heal wounds {unknown}
 v - a potion of curing {unknown}
Comestibles
 c - 3 bread rations
 u - 5 chunks of flesh


   Skills:
 + Level 4.4(4.3) Fighting
 * Level 5.8(5.7) Axes
 + Level 1.6 Armour
 - Level 2.7(2.6) Dodging
 - Level 1.5(1.4) Stealth


You had 3 spell levels left.
You didn't know any spells.

Dungeon Overview and Level Annotations

Branches:
Dungeon (3/15)

Altars:

Annotations:
D:3 Ijyb


Message History

Your chain mail prevents you from hitting Ijyb.
Ijyb is lightly wounded.
Ijyb screams, "You nasty!
Big nasty!"
Ijyb barely misses you.
Your chain mail prevents you from hitting Ijyb.
Ijyb is lightly wounded.
Ijyb hits you but does no damage.
You closely miss Ijyb.
Ijyb is lightly wounded.
Ijyb hits you.
Your chain mail prevents you from hitting Ijyb.
Ijyb is lightly wounded.
Ijyb hits you.
You hit Ijyb.
Ijyb is lightly wounded.
Ijyb closely misses you.
You closely miss Ijyb.
Ijyb is lightly wounded.
Ijyb zaps a wand.
The bolt of acid hits you!
You die...

####...........###
#.....♣...<...♣.##
#.####....÷....# #
#.# ##.♣...♣.####
#.# ##......)...
#.# ###....###.
#.# ###### ## #.#
# #######@# #
......g.# #
#####.### . #..
... ###. #


You could see Ijyb.

Vanquished Creatures
  Robin (D:2)
  3 adders
  2 dart slugs (D:3)
  2 leopard geckos
  An orc (D:3)
  5 giant cockroaches
  17 goblins
  11 hobgoblins
  5 kobolds
  A ball python (D:1)
  7 bats
  A frilled lizard (D:2)
  6 rats
62 creatures vanquished.

Vanquished Creatures (others)
  A giant cockroach (D:3)
1 creature vanquished.

Grand Total: 63 creatures vanquished

Notes
Turn   | Place    | Note
-------+----------+-------------------------------------------
     0 | D:1      | Fondut the Hill Orc Monk began the quest for the Orb.
     0 | D:1      | Reached XP level 1. HP: 19/19 MP: 1/1
   244 | D:1      | HP: 1/20 [hobgoblin (5)]
   583 | D:1      | Reached XP level 2. HP: 19/27 MP: 2/2
   840 | D:1      | Reached XP level 3. HP: 33/33 MP: 3/3
  1201 | D:2      | Noticed Robin
  1217 | D:2      | Reached skill level 5 in Axes
  1277 | D:2      | Killed Robin
  1277 | D:2      | Reached XP level 4. HP: 21/40 MP: 4/4
  1472 | D:2      | Reached skill level 1 in Armour
  2137 | D:3      | Noticed Ijyb
  2156 | D:3      | Killed from afar by Ijyb

Skill      XL: |  1  2  3  4 |
---------------+-------------+-----
Fighting       | 4 |  4.4
Axes           | 5 |  5.8
Armour         | 1 |  1.6
Dodging        | |  2.7
Stealth        | |  1.5

Action                   |  1- 3 |  4- 6 || total
-------------------------+-------+-------++-------
Melee: Hand axe          |   125 |    91 ||   216
 Stab: Sleeping          |     1 |       ||     1
  Eat: Chunk             |     1 |     3 ||     4
Armor: Robe              |     3 |       ||     3
       Scale mail        |    25 |       ||    25
       Chain mail        |    36 |    51 ||    87
Dodge: Dodged            |    71 |    41 ||   112
